 Dungeon Crawl Stone Soup version 0.28-a0-1638-g9123634e07 (webtiles) character file.

Game seed: 15222685728877340231

1001 freelancePsychic the Magician (level 8, 0/59 HPs)
             Began as a Djinni Air Elementalist on Jan 25, 2022.
             Was an Initiate of Makhleb.
             Killed from afar by a steam dragon (6 damage)
             ... with a ball of steam
             ... on level 7 of the Dungeon.
             The game lasted 00:12:58 (6891 turns).

freelancePsychic the Magician (DjAE)                Turns: 6891, Time: 00:12:59

Health: 0/59       AC:  6    Str: 13    XL:     8   Next: 43%
Gold:   116        EV: 13    Int: 18    God:    Makhleb [......] SH:  0 Dex: 21

rFire   + + .      SeeInvis .   n - staff of air
rCold   x . .      Faith    .   (no shield)
rNeg    . . .      Spirit   .   a - +1 robe
rPois   ∞          Reflect  .   d - +2 hat
rElec   +          Harm     .   (no cloak)
rCorr   .          Rampage  +   h - +0 pair of gloves "Epyaluir" {Rampage}
Will    .....                   (boots unavailable)
Stlth   ++........              (no amulet)
HPRegen 0.19/turn               q - +6 ring of strength
MPRegen 0.00/turn               g - +6 ring of dexterity

@: flying, very slightly contaminated
A: sickness immunity, fire resistance 2, cold vulnerability 1, float, innate
caster, hp casting, extra vitality 1
a: Renounce Religion


You were on level 7 of the Dungeon.
You worshipped Makhleb.
Makhleb was noncommittal.
You visited 2 branches of the dungeon, and saw 8 of its levels.

You collected 325 gold pieces.
You spent 209 gold pieces at shops.

Inventory:

Hand Weapons
 b - a +2 vampiric dagger
Armour
 a - a +1 robe (worn)
 d - a +2 hat (worn)
 h - the +0 pair of gloves "Epyaluir" (worn) {Rampage}
   (You bought it in a shop on level 5 of the Dungeon)

   Rampage:   It bestows one free step when moving towards enemies.
 u - a +0 buckler
Magical Staves
 n - a staff of air (weapon)
Jewellery
 g - a +6 ring of dexterity (right hand)
 l - a ring of fire
 p - a ring of positive energy
 q - a +6 ring of strength (left hand)
Wands
 o - a wand of flame (13)
Scrolls
 i - a scroll of summoning
 j - a scroll of immolation
 s - a scroll of identify {unknown}
Potions
 c - a potion of ambrosia {unknown}
 e - a potion of invisibility {unknown}
 f - 2 potions of curing {unknown}
 k - a potion of lignification {unknown}
 r - a potion of brilliance {unknown}
 t - 2 potions of mutation {unknown}


   Skills:
 + Level 5.1 Fighting
 - Level 2.1 Dodging
 - Level 1.5 Stealth
 * Level 6.3 Spellcasting


You had 3 spell levels left.
You knew the following spells:

 Your Spells              Type           Power      Damage    Failure   Level
a - Shock                 Conj/Air       100%       1d9       1%          1
b - Static Discharge      Conj/Air       42%        N/A       1%          2
c - Stone Arrow           Conj/Erth      56%        3d10      2%          3
d - Airstrike             Air            21%        N/A       9%          4
e - Summon Small Mammal   Summ           100%       N/A       1%          1
f - Blink                 Tloc           56%        N/A       1%          2
g - Swiftness             Air            42%        N/A       2%          3
Your spell library was empty.

Dungeon Overview and Level Annotations

Branches:
Dungeon (7/15)             Temple (1/1) D:5

Altars:
Ashenzari
Cheibriados
Dithmenos
Elyvilon
Fedhas
Hepliaklqana
Kikubaaqudgha
Makhleb
Okawaru
Qazlal
Ru
Sif Muna
Trog
Uskayaw
Vehumet
Wu Jian
Xom
Yredelemnul
Zin
The Shining One

Shops:
D:3 :   D:5 [

Annotations:
D:6 Sigmund


Innate Abilities, Weirdness & Mutations

You are immune to sickness and miasma.
You are immune to poison.
Your flesh is very heat resistant. (rF++)
You are vulnerable to cold. (rC-)
You float through the air rather than walking.
You learn spells naturally, not from books.
Your magical power is your life essence.
You have superior vitality. (+4 MHP)


Message History

You feel a surge of power!
You miscast Airstrike.
You are very lightly contaminated with residual magic.
Nothing appears to happen.
Casting: Airstrike (dangerous; 9% risk of failure)
Confirm with . or Enter, or press ? or * to list all spells.
You feel a surge of power!
The steam dragon is struck by an arc of lightning.
The steam dragon is moderately wounded.
You resist.
You are struck by an arc of lightning.
The steam dragon is struck by an arc of lightning.
The steam dragon is heavily wounded.
You resist.
You are struck by an arc of lightning.
The steam dragon barely misses you. x2
Casting: Static Discharge (safe; 1% risk of failure)
Confirm with . or Enter, or press ? or * to list all spells.
You feel a surge of power!
The steam dragon is struck by an arc of lightning.
The steam dragon is severely wounded.
The lightning grounds out.
* * * LOW HITPOINT WARNING * * *
The steam dragon barely misses you. The steam dragon closely misses you.
Casting: Static Discharge (safe; 1% risk of failure)
Confirm with . or Enter, or press ? or * to list all spells.
You feel a surge of power!
The steam dragon is struck by an arc of lightning.
The steam dragon is severely wounded.
The lightning grounds out.
* * * LOW HITPOINT WARNING * * *
A killer bee comes into view.
The steam dragon bites you!
* * * LOW HITPOINT WARNING * * *
The steam dragon claws you.
* * * LOW HITPOINT WARNING * * *
Okay, then.
Blink to where?
Press: ? - help, Dir - move target, p - steam dragon
As you read the scroll of blinking, it crumbles to dust.
The steam dragon breathes steam at you. The ball of steam hits you. You resist.
You die...

........##.....###....#.#..#...
....... .......#.#...####......
.......###............##......#
.......#.......................
.......§D..............#.......
......##..§...........###......
.......####§......#..###.......
.... ....##.§§...###.####......
... ....#...@.......##.......
.. #...##.................. .
#.......................
##........#.........#..#
###.).#####...(..)).##.#
##.....# ####.....)...###
###.....####..#####..#..###
#....##).....# ##.#..##.
#..###......## ###)....


There were no monsters in sight!

Vanquished Creatures
  An orc warrior (D:7)
  An ogre (D:5)
  2 centaurs
  A gnoll sergeant (D:7)
  A water moccasin zombie (D:5)
  A scorpion (D:7)
  A hound (D:6)
  A centaur skeleton (D:7)
  2 jellies
  3 iguanas
  3 orc wizards
  2 hound zombies (D:3)
  5 gnolls (D:7)
  4 adders
  A howler monkey skeleton (D:6)
  2 ufetubi
  3 adder zombies
  2 adder skeletons (D:5)
  3 worms
  A dart slug (D:1)
  6 orcs
  2 bats
  8 endoplasms
  2 giant cockroaches
  5 goblins
  8 hobgoblins
  A quokka (D:2)
  5 ball pythons
  5 frilled lizards
  4 kobolds
  4 rats
90 creatures vanquished.

Notes
Turn   | Place    | Note
-------+----------+-------------------------------------------
     0 | D:1      | freelancePsychic the Djinni Air Elementalist began the
                  | quest for the Orb.
     0 | D:1      | Reached XP level 1. HP: 15/15 MP: 0/0
   195 | D:1      | Reached XP level 2. HP: 18/22 MP: 0/0
   585 | D:1      | Reached skill level 1 in Fighting
  1051 | D:2      | Reached XP level 3. HP: 15/27 MP: 0/0
  1051 | D:2      | Learned a level 1 spell: Summon Small Mammal
  1111 | D:2      | Reached skill level 3 in Spellcasting
  1544 | D:2      | Found a faded altar of an unknown god.
  2071 | D:3      | Reached XP level 4. HP: 18/32 MP: 0/0
  2213 | D:3      | Found a basalt altar of Yredelemnul.
  2842 | D:3      | Found Posiogab's Book Shop.
  3288 | D:4      | Reached XP level 5. HP: 33/38 MP: 0/0
  3288 | D:4      | Learned a level 2 spell: Blink
  3483 | D:4      | Reached skill level 4 in Spellcasting
  3893 | D:4      | Reached XP level 6. HP: 34/45 MP: 0/0
  4133 | D:5      | Entered Level 5 of the Dungeon
  4201 | D:5      | Noticed an ogre
  4256 | D:5      | Noticed a black bear
  4509 | D:5      | Noticed a black bear
  4561 | D:5      | Found Zoqexzum's Antique Armour Boutique.
  4566 | D:5      | Bought a pair of smoking gloves for 209 gold pieces
  4566 | D:5      | Identified the +0 pair of gloves "Epyaluir" {Rampage} (You
                  | bought it in a shop on level 5 of the Dungeon)
  4972 | D:5      | Reached XP level 7. HP: 32/50 MP: 0/0
  4972 | D:5      | Learned a level 3 spell: Stone Arrow
  5090 | D:5      | Found a staircase to the Ecumenical Temple.
  5108 | D:5      | Reached skill level 5 in Spellcasting
  5179 | Temple   | Entered the Ecumenical Temple
  5387 | Temple   | Became a worshipper of Makhleb the Destroyer
  5806 | D:6      | Found an ornate altar of the Wu Jian Council.
  5809 | D:6      | Found a stormy altar of Qazlal.
  5828 | D:6      | Found a snail-covered altar of Cheibriados.
  5840 | D:6      | Found an iron altar of Okawaru.
  6088 | D:6      | Noticed Sigmund
  6138 | D:6      | Noticed a two-headed ogre
  6345 | D:6      | Found a white marble altar of Elyvilon.
  6717 | D:7      | Reached XP level 8. HP: 50/58 MP: 0/0
  6727 | D:7      | Reached skill level 6 in Spellcasting
  6830 | D:7      | Reached skill level 5 in Fighting
  6891 | D:7      | Killed from afar by a steam dragon

Illustrated notes

Levels and vault maps discovered:
D:1:      mainiacjoe_arrival_reflecting_pool, layout_loops_ring
D:2:      layout_rooms, ebering_ecumenical_altar_sacrificial
D:3:      layout_loops_ring, nicolae_yredelemnul_corpse_copse, serial_shops,
          shop_fountains, minmay_misc_feat_room
D:4:      layout_loops_ring
D:5:      layout_loops_ring, nicolae_overflow_crystal_walls,
          minmay_temple_entry_glass, serial_shops, nicolae_shop_crystal
D:6:      layout_basic, kennysheep_mini, grunt_temple_overflow_cloverleaf,
          uniq_sigmund
D:7:      layout_cave_pools, grunt_temple_overflow_opulence, enter_bailey_3
Temple:   nicolae_temple_figure_eight

Skill      XL: |  1  2  3  4  5  6  7  8 |
---------------+-------------------------+-----
Fighting       | 1 2 3 4 5 |  5.1
Spellcasting   | 3 4 5 6 |  6.3
Dodging        | |  2.1
Stealth        | |  1.5

Action                   |  1- 3 |  4- 6 |  7- 9 || total
-------------------------+-------+-------+-------++-------
Melee: Dagger            |       |     1 |       ||     1
       Staff             |       |       |     1 ||     1
 Cast: Shock             |    70 |    70 |     6 ||   146
       Static Discharge  |     4 |    19 |     5 ||    28
       Blink             |       |     2 |       ||     2
       Stone Arrow       |       |       |    33 ||    33
       Airstrike         |       |       |     6 ||     6
  Use: Scroll            |       |     9 |     2 ||    11
Armor: Robe              |       |    11 |     3 ||    14
Dodge: Dodged            |     4 |    25 |    12 ||    41

Table legend: (Time is in decaauts)
 A = Elapsed time spent in this place.
 B = Non-inter-level travel time spent in this place.
 C = Inter-level travel time spent in this place.
 D = Time resting spent in this place.
 E = Time spent auto-exploring this place.
 F = Levels seen in this place.
 G = Mean time per level.
                   A        B        C        D        E       F      G
               +--------+--------+--------+--------+--------+-----+--------+
         Total |   6895 |   6661 |    234 |    665 |   5152 |   8 |  861.9 |
       Dungeon |   6675 |   6453 |    222 |    665 |   4950 |   7 |  953.6 |
        Temple |    220 |    208 |     12 |      0 |    202 |   1 |  220.0 |
               +--------+--------+--------+--------+--------+-----+--------+

Top non-repeatable levels by time:
     D:3: 1269 daAuts
     D:4: 1181 daAuts
     D:5: 1078 daAuts
     D:2: 1011 daAuts
     D:6: 957 daAuts
     D:1: 945 daAuts
     D:7: 231 daAuts
  Temple: 220 daAuts
